 Dungeon Crawl Stone Soup version 0.27-a0-1036-g8e1b44f6bd (webtiles) character file.

Game seed: 11724673247413104161

254 spiderkeys the Unweaver (level 5, 0/42 HPs)
             Began as a Demonspawn Abyssal Knight on Apr 18, 2021.
             Was a Follower of Lugonu.
             Slain by a gnoll
             ... wielding a +0 spear
              (5 damage)
             ... on level 2 of the Dungeon.
             The game lasted 00:04:59 (2582 turns).

spiderkeys the Unweaver (Demonspawn Abyssal Knight) Turns: 2582, Time: 00:05:00

Health: 0/42       AC:  8    Str: 15    XL:     5   Next: 91%
Magic:  8/8        EV: 11    Int: 13    God:    Lugonu [*.....]
Gold:   1088       SH:  0    Dex: 13    Spells: 4/4 levels left

rFire    . . .     SeeInvis .   a - +1 spear
rCold    + . .     Faith    .   (no shield)
rNeg     . . .     Spirit   .   b - +0 leather armour
rPois    .         Reflect  .   (no helmet)
rElec    .         Harm     .   d - +0 cloak
rCorr    .         Rampage  .   j - +0 pair of gloves "Zeuv" {Fly Str+2}
Will     +....                  (no boots)
Stlth    +.........             (no amulet)
HPRegen  0.14/turn              c - ring of protection from cold
MPRegen  0.11/turn              k - ring of willpower

@: flying
A: thin metallic scales 2
a: Renounce Religion, Depart the Abyss


You were on level 2 of the Dungeon.
You worshipped Lugonu.
Lugonu was aware of your devotion.
You visited 1 branch of the dungeon, and saw 2 of its levels.
You visited the Abyss 1 time.

You collected 1088 gold pieces.


Innate Abilities, Weirdness & Mutations

You are mostly covered in thin metallic scales. (AC +3)


   Skills:
 + Level 4.0 Fighting
 * Level 3.8 Polearms
 + Level 2.9 Armour
 - Level 1.0 Dodging
 + Level 4.2 Invocations


You had 4 spell levels left.
You didn't know any spells.
Your spell library was empty.

Inventory:

Hand Weapons
 a - a +1 spear (weapon)
 f - a +0 scythe
   (You found it on level 3 of the Abyss)
Missiles
 g - 55 stones
 h - 37 sling bullets
Armour
 b - a +0 leather armour (worn)
 d - a +0 cloak (worn)
   (You found it on level 3 of the Abyss)
 j - the +0 pair of gloves "Zeuv" (worn) {Fly Str+2}
   (You found it on level 2 of the Abyss)

   It affects your strength (+2).
   It grants you flight.
Magical Staves
 i - a staff of poison {!a}
   (You found it on level 1 of the Dungeon)
Jewellery
 c - a ring of protection from cold (left hand)
   (You found it on level 1 of the Dungeon)
 k - a ring of willpower (right hand)
   (You found it on level 1 of the Dungeon)
 C - a ring of protection from cold
   (You found it on level 1 of the Abyss)
Wands
 e - a wand of flame (5)
   (You found it on level 3 of the Abyss)
Scrolls
 n - a scroll of immolation {!r!r}
 p - a scroll of brand weapon {unknown}

Dungeon Overview and Level Annotations

Branches:
Dungeon (2/15)

Altars:
Gozag

Annotations:
D:2 1 runed translucent door, Crazy Yiuf

# ##..######## #.##..####.#
#..# #..........# #..#
##)...###### #..# #.##.#
#####..# #.##.## .......###
#######.#...# #####....#
#g....g.#...### ####.#
#.#####.......# #†#
#.@.....^.g...# #.#
#######.......# #.#
##...#...#.# ##.##
#.###....#.#
######...########.# #......#
#.................###.#.####
#.####...#########...##.#
#.# ##†## ##..# # #.#####.##
#####..#


You could see a gnoll.


Message History

You puncture the gnoll!
You kill the gnoll!
Lugonu accepts your kill.
The gnoll throws a throwing net.
The throwing net hits you.
You become entangled in the net!
Your Fighting skill increases to level 4!
You struggle against the net.
You struggle against the net.
The gnoll hits you but does no damage.
The gnoll hits you from afar with a +0 spear.
* * * LOW HITPOINT WARNING * * *
😨 HP[-5]
You take 5 damage, and now have 12/42 hp.
You struggle against the net.
The gnoll hits you but does no damage. x2
You rip the net and break free!
The gnoll barely misses you. The gnoll closely misses you.
Okay, then.
The gnoll throws a throwing net.
The throwing net hits you.
You become entangled in the net!
You see here a throwing net {=f!f}.
You tear a large gash into the net.
You struggle against the net.
The gnoll hits you with a +0 club.
* * * LOW HITPOINT WARNING * * *
The gnoll hits you from afar with a +0 spear.
* * * LOW HITPOINT WARNING * * *
😱 HP[-2]
You take 2 damage, and now have 10/42 hp.
You struggle against the net.
The gnoll hits you but does no damage. The gnoll barely misses you.
You rip the net and break free!
The gnoll hits you with a +0 club.
* * * LOW HITPOINT WARNING * * *
The gnoll barely misses you. 😱 HP[-3]
You take 3 damage, and now have 7/42 hp.
You feel better. The gnoll hits you with a +0 club.
* * * LOW HITPOINT WARNING * * *
The gnoll hits you but does no damage. 😨 HP[+6]
You regained 6 hp, and now have 13/42 hp.
Okay, then.
As you read the scroll labelled PENEIRHIRCH, it crumbles to dust.
It is a scroll of identify.
n - a scroll of immolation The gnoll barely misses you.
The gnoll hits you but does no damage.
As you read the scroll labelled BOREMO EPTOL, it crumbles to dust.
You feel strangely unstable.
It was a scroll of teleportation.
The gnoll hits you but does no damage.
The gnoll hits you from afar with a +0 spear.
* * * LOW HITPOINT WARNING * * *
😱 HP[-3]
You take 3 damage, and now have 10/42 hp.
Your surroundings suddenly seem different. 😨 HP[+1]
You start resting.
A gnoll is nearby! 😨 HP[+2]
You regained 2 hp, and now have 13/42 hp.
You start resting.
A gnoll is nearby! 😨 HP[+1] Reach: a) +1 spear
Press: ? - help, Dir - move target, f - gnoll
Aim: a gnoll, wielding a +0 spear (about 32% to evade your +1 spear)
You reach to attack!
You closely miss the gnoll. The gnoll hits you but does no damage.
Reach: a) +1 spear
Press: ? - help, Dir - move target, f/p - gnoll
Aim: a gnoll, wielding a +0 spear (about 32% to evade your +1 spear)
You reach to attack!
You hit the gnoll.
The gnoll hits you from afar with a +0 spear.
* * * LOW HITPOINT WARNING * * *
😨 HP[-2]
You take 2 damage, and now have 12/42 hp.
Reach: a) +1 spear
Press: ? - help, Dir - move target, f/p - gnoll
Aim: a gnoll, wielding a +0 spear (lightly wounded, about 32% to evade your +1 spear)
You reach to attack!
You hit the gnoll. The gnoll barely misses you.
Reach: a) +1 spear
Press: ? - help, Dir - move target, f/p - gnoll
Aim: a gnoll, wielding a +0 spear (moderately wounded, about 32% to evade your +1 spear)
You reach to attack!
You hit the gnoll but do no damage.
The gnoll hits you from afar with a +0 spear!
* * * LOW HITPOINT WARNING * * *
😱 HP[-8]
You take 8 damage, and now have 4/42 hp.
Unknown command.
Aiming: Throw Flame
Press: ? - help, Shift-Dir - straight line, f/p - gnoll
Aim: a gnoll, wielding a +0 spear (moderately wounded, 72% to hit)
The puff of flame hits the gnoll.
The gnoll barely misses you.
Aiming: Throw Flame
Press: ? - help, Shift-Dir - straight line, f/p - gnoll
Aim: a gnoll, wielding a +0 spear (heavily wounded, 72% to hit)
The puff of flame misses the gnoll.
The gnoll misses you.
Aiming: Throw Flame
Press: ? - help, Shift-Dir - straight line, f/p - gnoll
Aim: a gnoll, wielding a +0 spear (heavily wounded, 72% to hit)
The puff of flame hits the gnoll.
The gnoll hits you from afar with a +0 spear.
You die...

Skill      XL: |  1  2  3  4  5 |
---------------+----------------+-----
Dodging        | 1 |  1.0
Polearms       | 2 3 |  3.8
Armour         | 2 |  2.9
Invocations    | 3 4 |  4.2
Fighting       | 4 |  4.0

Action                   |  1- 3 |  4- 6 || total
-------------------------+-------+-------++-------
Melee: Scythe            |    39 |       ||    39
       Spear             |    95 |    22 ||   117
Invok: Depart the Abyss  |     1 |       ||     1
Evoke: Wand              |     3 |    11 ||    14
  Use: Scroll            |     1 |     2 ||     3
       Potion            |     1 |     3 ||     4
 Stab: Sleeping          |       |     1 ||     1
Armor: Leather armour    |    60 |    10 ||    70
Dodge: Dodged            |    81 |    16 ||    97

Levels and vault maps discovered:
D:1:      dpeg_arrival_water_altar, layout_basic, minmay_pentomino_w4
D:2:      layout_loops_ring, ebering_ecumenical_altar_mist,
          uniq_crazy_yiuf_cottage, uniq_sigmund

Notes
Turn   | Place    | Note
-------+----------+-------------------------------------------
     0 | Abyss:1  | spiderkeys the Demonspawn Abyssal Knight began the quest
                  | for the Orb.
     0 | Abyss:1  | Reached XP level 1. HP: 18/18 MP: 2/2
     0 | Abyss:1  | magus.rc [v1.9.10]
    17 | Abyss:1  | Identified a scroll of acquirement
    17 | Abyss:1  | Acquired 1019 gold pieces
    54 | Abyss:2  | Found a corrupted altar of Lugonu.
    56 | Abyss:2  | Identified the +0 pair of gloves "Zeuv" {Fly Str+2}
   129 | Abyss:3  | Noticed a starcursed mass
   129 | Abyss:3  | Noticed a raiju
   130 | D:1      | You pass through the gate.
   130 | D:1      | Escaped the Abyss
   212 | D:1      | Reached skill level 1 in Dodging
   213 | D:1      | Reached skill level 2 in Polearms
   223 | D:1      | Gained mutation: You are partially covered in thin metallic
                  | scales. (AC +2) [demonic ancestry]
   223 | D:1      | Reached XP level 2. HP: 24/24 MP: 3/3
   328 | D:1      | Reached skill level 2 in Armour
   530 | D:1      | HP: 4/24 [kobold/+0 short sword (3)]
   598 | D:1      | HP: 5/24 [dart slug/slug dart (3)]
   902 | D:1      | Reached * piety under Lugonu
  1377 | D:1      | Gained mutation: You are mostly covered in thin metallic
                  | scales. (AC +3) [demonic ancestry]
  1377 | D:1      | Reached XP level 3. HP: 25/29 MP: 5/5
  1380 | D:1      | Reached skill level 3 in Invocations
  1544 | D:1      | Found an opulent altar of Gozag.
  1799 | D:2      | Found a faded altar of an unknown god.
  2125 | D:2      | Reached XP level 4. HP: 32/35 MP: 6/6
  2165 | D:2      | Noticed Sigmund
  2178 | D:2      | Killed Sigmund
  2179 | D:2      | Reached skill level 3 in Polearms
  2179 | D:2      | Reached skill level 4 in Invocations
  2179 | D:2      | Reached XP level 5. HP: 13/42 MP: 6/8
  2388 | D:2      | Found a runed translucent door.
  2389 | D:2      | Noticed Crazy Yiuf
  2540 | D:2      | Reached skill level 4 in Fighting
  2546 | D:2      | HP: 10/42 [gnoll/+0 spear (2)]
  2551 | D:2      | HP: 10/42 [gnoll/+0 spear (3)]
  2579 | D:2      | HP: 4/42 [gnoll/+0 spear (8)]
  2582 | D:2      | Slain by a gnoll

Vanquished Creatures
  Sigmund (D:2)
  2 gnolls (D:2)
  2 adders (D:2)
  2 dart slugs
  A worm (D:2)
  2 ball pythons (D:1)
  6 bats
  3 endoplasms
  2 giant cockroaches (D:1)
  4 goblins
  2 hobgoblins
  9 jackals
  4 kobolds (D:1)
  A quokka (D:1)
  4 frilled lizards
  2 rats (D:1)
47 creatures vanquished.

Table legend:
 A = Non-vault XP
 B = Vault XP
 C = Vault XP percentage of total XP
 D = Non-vault monster count
 E = Vault monster count
 F = Vault count percentage of total count
                 A         B        C        D         E       F
            +---------+---------+-------+---------+---------+-------
      Total |     129 |     235 |  64.6 |      43 |       4 |   8.5
            +---------+---------+-------+---------+---------+-------
        D:1 |      42 |       4 |   8.7 |      23 |       3 |  11.5
        D:2 |      87 |     231 |  72.6 |      20 |       1 |   4.8
            +---------+---------+-------+---------+---------+-------

Illustrated notes

Table legend:
 A = Kills in this place as a percentage of kills in entire the game.
 B = Kills by you in this place as a percentage of kills by you in the entire game.
 C = Kills by friends in this place as a percentage of kills by friends in the entire game.
 D = Other kills in this place as a percentage of other kills in the entire game.
 E = Experience gained in this place as a percentage of experience gained in the entire game.
 F = Experience gained in this place divided by the number of levels of this place that you have seen.
                   A       B       C       D       E      F
               +-------+-------+-------+-------+-------+----------------------
         Total | 100.0 | 100.0 |   N/A |   N/A | 100.0 |  72.8
       Dungeon | 100.0 | 100.0 |   N/A |   N/A | 100.0 | 182.0
               +-------+-------+-------+-------+-------+----------------------

Table legend: (Time is in decaauts)
 A = Elapsed time spent in this place.
 B = Non-inter-level travel time spent in this place.
 C = Inter-level travel time spent in this place.
 D = Time resting spent in this place.
 E = Time spent auto-exploring this place.
 F = Levels seen in this place.
 G = Mean time per level.
                   A        B        C        D        E       F      G
               +--------+--------+--------+--------+--------+-----+--------+
         Total |   2609 |   2585 |     24 |    124 |   1988 |   5 |  521.8 |
       Dungeon |   2480 |   2456 |     24 |    124 |   1977 |   2 | 1240.0 |
         Abyss |    129 |    129 |      0 |      0 |     11 |   3 |   43.0 |
               +--------+--------+--------+--------+--------+-----+--------+

Top non-repeatable levels by time:
     D:1: 1562 daAuts
     D:2: 918 daAuts
 Abyss:1: 54 daAuts
 Abyss:3: 52 daAuts
 Abyss:2: 22 daAuts
